cohdb
Replays
Latest Replays
All Replays
Popular Replays
Top Player Replays
Match Explorer
How It Works
Community
CoH3 Stats
Reddit
Sign in to upload your games and track your stats! →
Sign in with Steam
Match 43432208
Unlisted
Match 43432208
Overview
Messages
Build Orders
End
Construct Section Command Post
Royal Engineer Section
Dingo Light Scout Car
Infantry Section
Selects Canadian Shock Battlegroup
Selects Attacking Spirit
Selects Canadian Shock Section
Canadian Shock Section
Grenade Package
Construct Platoon Command Post
Selects Incendiary Munitions
Canadian Shock Section
Construct Company Command Post
Selects Pyrotechnics
B1t
SkyCurv
Manganu
diritar
北冥帝君
191754466
Flaregun
15907896199
0
0
Comments
sign in to comment!
No comments posted yet!